 Dungeon Sprint DCSS version bcrawl-1.27.1d (webtiles) character file.

Game seed: 9989004237539452034

2503575 MordorOrchid the Scorcher (level 11, -2/115 HPs)
             Began as a Fairy Fire Elementalist on July 15, 2020.
             Was an Initiate of Gozag.
             Succumbed to a ghost moth's poison
             ... in the Dungeon (Sprint V: "Ziggurat Sprint") on July 16, 2020.
             The game lasted 00:13:59 (630 turns).

MordorOrchid the Scorcher (Fairy Fire Elementalist)  Turns: 630, Time: 00:14:00

Health: -2/115     AC:  9    Str: 13 (15) XL:     11   Next: 60%
Magic:  1/36       EV: 14    Int: 26 (27) God:    Gozag
Gold:   1535       SH: 38    Dex: 13      Spells: 3/30 levels left

rFire    + . .     SeeInvis .   y - +8 lance "Wyrmbane" {slay drac, rPois rF+ rC+ AC+3}
rCold    + . .     Gourm    .   t - +18 shield of the Gong {rElec rN+ MR+ EV-5}
rNeg     + + .     Faith    .   (armour unavailable)
rPois    +         Spirit   .   (no helmet)
rElec    +         Reflect  .   (no cloak)
rCorr    .         Harm     .   (no gloves)
MR       +++..     NoTele   +   (no boots)
Stlth    ..........             x - amulet of Immorality {Rage +Fly rElec MR+ MP+9}
HPRegen  0.29/turn              F - ring "Aheg" {rN+ Str+4 Int+5}
MPRegen  0.25/turn              l - ring of wizardry

@: berserking, lethally poisoned (-2 -> -55), gold aura, flying evasively,
hasted, studying Conjurations, very quick
A: small, magic attunement, unstealthy, unfitting armour, able to fly, AC/SH +6
a: Stop Flying, Potion Petition, Call Merchant, Bribe Branch, Renounce Religion,
Evoke Berserk Rage


You were in the Dungeon.
You worshipped Gozag.
Gozag was most pleased with you.
You were hungry.

You visited 1 branch You collected 1535 gold pieces.

Inventory:

Hand Weapons
 y - the +8 lance "Wyrmbane" (weapon) {slay drac, rPois rF+ rC+ AC+3}
   (You found it in the Dungeon)

   It affects your AC (+3).
   It protects you from fire.
   It protects you from cold.
   It protects you from poison.
 G - a +0 blowgun
Missiles
 b - 40 stones (quivered)
 E - 1000 arrows
 H - 21 curare-tipped needles
Armour
 t - the +18 shield of the Gong (worn) {rElec rN+ MR+ EV-5}
   (You found it in the Dungeon)

   It affects your evasion (-5).
   It insulates you from electricity.
   It protects you from negative energy.
   It affects your resistance to hostile enchantments.
Magical Staves
 r - an uncursed staff of energy
Jewellery
 j - an uncursed ring of see invisible
 l - a ring of wizardry (right hand)
 v - an uncursed ring of protection from cold
 x - the amulet of Immorality (around neck) {Rage +Fly rElec MR+ MP+9}
   (You took it off a naga mage in the Dungeon)

   [amulet of rage]

   It insulates you from electricity.
   It affects your resistance to hostile enchantments.
   It affects your magic capacity (+9).
   It lets you fly.
 F - the ring "Aheg" (left hand) {rN+ Str+4 Int+5}
   (You found it in the Dungeon)

   [ring of positive energy]

   It affects your strength (+4).
   It affects your intelligence (+5).
   It protects you from negative energy.
Wands
 o - a wand of disintegration (5)
 p - a wand of iceblast (1)
 q - a wand of acid (6)
Scrolls
 i - 4 scrolls of blinking
 z - 4 scrolls of amnesia
 A - 6 scrolls of fog
 B - 5 scrolls of identify
 C - 5 scrolls of remove curse
 D - 2 scrolls of fear
Potions
 a - 2 potions of brilliance
 c - 10 potions of heal wounds
 d - 10 potions of curing
 f - 5 potions of haste
 g - 7 potions of magic
 h - 3 potions of berserk rage
 k - 4 potions of resistance
 m - 2 potions of agility
 n - 2 potions of might
Books
 w - a manual of Conjurations
Miscellaneous
 s - a lightning rod (4/4)
 u - a phantom mirror
 I - a phial of floods (inert)
Comestibles
 e - 7 rations {!d}


   Skills:
 * Level 7.9 Fighting
 - Level 10.0 Dodging
 - Level 1.5 Stealth
 * Level 15.2 Shields
 + Level 10.4 Spellcasting
 - Level 13.0 Conjurations
 * Level 1.7 Charms
 * Level 1.7 Necromancy
 * Level 7.2 Transmutations
 * Level 16.2 Fire Magic
 * Level 8.5 Earth Magic
 - Level 6.0 Evocations


You had 3 spell levels left.
You knew the following spells:

 Your Spells              Type           Power        Failure   Level  Hunger
a - Flame Tongue          Conj/Fire      #####        1%          1    None
b - Ignition              Fire           #######...   65%         8    None
e - Sticky Flame          Conj/Fire      ######..     1%          4    None
f - Fireball              Conj/Fire      ######....   1%          5    None
k - Regeneration          Chrm/Necr      ###.......   16%         3    None
Y - Statue Form           Tmut/Erth      ######...    52%         6    None

Your spell library contained the following spells:

 Spells                   Type           Power        Failure   Level  Hunger
 Sandblast                Erth           ######       1%          1    None
 Flaming Arrows           Chrm/Fire      ######..     1%          2    None
 Conjure Flame            Conj/Fire      ######..     1%          3    None
 Inner Flame              Hex/Fire       N/A          1%          3    None
 Stone Arrow              Conj/Erth      ######       1%          3    None
 Infusion                 Chrm           ###.....     6%          1    None
 Song of Slaying          Chrm           ###.....     9%          2    None
 Ozocubu's Armour         Chrm/Ice       ###.....     24%         3    None
 Spectral Weapon          Hex/Chrm       ###.....     24%         3    None
 Ice Form                 Ice/Tmut       ####....     24%         4    None
 Dispel Undead            Necr           ###.....     80%         5    None
 Infestation              Hex/Tmut/Pois  ####.....    99%         6    None
 Death Channel            Chrm/Necr      ###.......   100%        6    None
 Monstrous Menagerie      Summ           ##........   100%        7    None


Dungeon Overview and Level Annotations

Branches:
Dungeon (1/1)

Altars:
Ashenzari
Cheibriados
Dithmenos
Elyvilon
Fedhas
Gozag
Hepliaklqana
Kikubaaqudgha
Lugonu
Makhleb
Nemelex Xobeh
Okawaru
Qazlal
Ru
Sif Muna
Trog
Uskayaw
Vehumet
Wu Jian
Xom
Yredelemnul
Zin
The Shining One
Beogh
Jiyva


Innate Abilities, Weirdness & Mutations

Your spells do not cause hunger and MP costs are reduced by 1.
Your bright wings attract enemies. (Stealth-)
You cannot fit into any form of body armour.
Your shimmering scales are hard and can block incoming attacks. (AC +6, SH +6)
You are small and have problems with some larger weapons.
You can fly continuously.


Message History

GONNNNG!
The slime creature jiggles.
You block the slime creature's attack.
BOUMMMMG!
The ooze closely misses you. The adder bites you but does no damage.
Unknown command.
You miss something.
* * * LOW HITPOINT WARNING * * *
You feel very sick. Something hits you!
* * * LOW HITPOINT WARNING * * *
You feel weakened. Something completely misses you.
You block something's attack.
PANG!
Your water elemental hits something.
You block the slime creature's attack.
GONNNNG!
Unknown command.
You closely miss something.
You die...
Your body crumbles into a pile of gold.

▓..)))}|..▓
▓...:$[$..▓
▓....$$...▓
▓.....$$..▓
▓.........▓
▓..≈≈G≈...▓
▓.▓≈JJS.▓.▓
▓..E{@J...▓
▓▓▓▓▓▓▓▓▓▓▓


You could see 2 slime creatures, an eye of devastation, an ooze, an adder and a
friendly water elemental.

Vanquished Creatures
  A deep elf elementalist (D)
  2 hell hogs (D)
  2 spriggan druids (D)
  An ugly thing (D)
  2 shining eyes (D)
  A naga mage (D)
  An efreet (D)
  3 hornets (D)
  A slime creature (D)
  A blink frog (shapeshifter) (D)
  7 spriggans (D)
  A yak (D)
  3 fire elementals (D)
  2 water moccasins (D)
  2 floating eyes (D)
  A water moccasin (shapeshifter) (D)
  2 black bears (D)
  8 wolves (D)
  A hound (shapeshifter) (D)
  An orc wizard (D)
  2 adders (D)
  A river rat (D)
  4 orcs (D)
  3 ball pythons (D)
53 creatures vanquished.

Vanquished Creatures (others)
  A dancing weapon (D)
1 creature vanquished.

Grand Total: 54 creatures vanquished

Notes
Turn   | Place    | Note
-------+----------+-------------------------------------------
     0 | D        | MordorOrchid the Fairy Fire Elementalist began the quest
                  | for the Orb.
     0 | D        | Reached XP level 1. HP: 11/11 MP: 6/6
     0 | D        | Found a shimmering blue altar of Sif Muna.
     0 | D        | Found a sacrificial altar of Ru.
     0 | D        | Found a bloodstained altar of Trog.
     0 | D        | Found a stormy altar of Qazlal.
     0 | D        | Found an iron altar of Okawaru.
     0 | D        | Found a sparkling altar of Nemelex Xobeh.
     0 | D        | Found a blossoming altar of Fedhas.
     1 | D        | Found the +6 Majin-Bo {vamp, *Drain Str+12 Int+24}
     1 | D        | Found the +7 great mace "Firestarter" {inner flame, rF++}
     6 | D        | Found a corrupted altar of Lugonu.
     6 | D        | Found an ancient bone altar of Kikubaaqudgha.
     6 | D        | Found a burning altar of Makhleb.
     6 | D        | Found a transporter.
     6 | D        | Found a viscous altar of Jiyva.
     6 | D        | Found a hazy altar of Hepliaklqana.
    20 | D        | Found the +9 heavy crossbow "Sniper" {velocity, Acc+∞ SInv}
    20 | D        | Found the +10 dark maul {crush}
    20 | D        | Found the +15 Maxwell's patent armour {-Cast -Tele rElec
                  | MR+ rCorr}
    20 | D        | Found the +18 shield of the Gong {rElec rN+ MR+ EV-5}
    20 | D        | Found the cursed +14 obsidian axe {chop, +Fly SInv *Curse}
    22 | D        | Found the +6 shillelagh "Devastator" {shatter}
    22 | D        | Found the +11 plutonium sword {*Contam Stlth-}
    22 | D        | Found the +8 lance "Wyrmbane" {slay drac, rPois rF+ rC+
                  | AC+3}
    22 | D        | Found the +9 sword of Zonguldrok {reap}
    22 | D        | Found the cursed +13 scythe of Curses {drain, *Curse}
    22 | D        | Found the +0 sword of Power
    22 | D        | Found the +7 mace of Variability {chain chaos}
    22 | D        | Found the +7 Singing Sword {slice}
    22 | D        | Found the +7 longbow "Piercer" {penet, EV-2}
    31 | D        | Found an opulent altar of Gozag.
    47 | D        | Became a worshipper of Gozag Ym Sagoz the Greedy
    53 | D        | Reached XP level 2. HP: 23/23 MP: 7/7
    59 | D        | Entered arena 2.
    59 | D        | Noticed a deep elf elementalist
    59 | D        | Noticed a +2 flail of crushing
    59 | D        | Found a transporter.
    65 | D        | Killed a +2 flail of crushing
    65 | D        | Reached skill level 10 in Fire Magic
    65 | D        | Reached skill level 5 in Evocations
    65 | D        | Reached XP level 3. HP: 27/27 MP: 8/13
    65 | D        | Reached XP level 4. HP: 34/34 MP: 8/14
    65 | D        | Reached XP level 5. HP: 38/38 MP: 9/16
    65 | D        | Reached XP level 6. HP: 44/44 MP: 9/17
    65 | D        | Reached XP level 7. HP: 49/49 MP: 9/18
    77 | D        | Killed a deep elf elementalist
    77 | D        | Reached skill level 10 in Shields
    77 | D        | Reached skill level 13 in Fire Magic
    77 | D        | Reached XP level 8. HP: 54/54 MP: 11/22
    77 | D        | Reached XP level 9. HP: 59/59 MP: 11/23
    85 | D        | Got Tatzekes's Incunabulum of Stones and Cold
    93 | D        | Learned a level 5 spell: Fireball
   100 | D        | Learned a level 6 spell: Statue Form
   101 | D        | Entered arena 3.
   101 | D        | Found a transporter.
   247 | D        | Entered arena 4.
   247 | D        | Noticed a white ugly thing
   247 | D        | Found a transporter.
   248 | D        | Reached skill level 5 in Fighting
   250 | D        | Reached skill level 1 in Transmutations
   250 | D        | Reached skill level 1 in Earth Magic
   251 | D        | Killed a white ugly thing
   251 | D        | Reached skill level 10 in Conjurations
   251 | D        | Reached skill level 14 in Fire Magic
   261 | D        | Entered arena 5.
   261 | D        | Found a transporter.
   288 | D        | Entered arena 6.
   288 | D        | Found a transporter.
   304 | D        | Entered arena 7.
   304 | D        | Noticed a spriggan rider
   305 | D        | Reached XP level 10. HP: 68/68 MP: 2/25
   307 | D        | Found a transporter.
   332 | D        | Got the ring "Aheg" {rN+ Str+4 Int+5}
   349 | D        | Learned a level 4 spell: Sticky Flame
   425 | D        | Entered arena 8.
   425 | D        | Noticed a hell hog
   425 | D        | Noticed a hell hog
   429 | D        | Reached skill level 5 in Earth Magic
   434 | D        | Killed a hell hog
   434 | D        | Reached skill level 10 in Dodging
   434 | D        | Reached skill level 5 in Transmutations
   434 | D        | Reached skill level 15 in Fire Magic
   440 | D        | Killed a hell hog
   449 | D        | Found a transporter.
   462 | D        | Got the ring "Taesynan" {*Slow +Fly rN+ Str+2}
   465 | D        | Got Sif Muna's Compendium of Toxic Necromancy
   467 | D        | Entered arena 9.
   467 | D        | Noticed a naga mage
   468 | D        | Identified the amulet of Immorality {Rage +Fly rElec MR+
                  | MP+9}
   468 | D        | Found a transporter.
   474 | D        | Killed a naga mage
   489 | D        | Got Momoehi's Handbook of the Blaze and Summoning
   511 | D        | Learned a level 8 spell: Ignition
   538 | D        | Entered arena 10.
   538 | D        | Noticed a spriggan druid
   538 | D        | Noticed a spriggan rider
   538 | D        | Noticed a spriggan druid
   538 | D        | Noticed a spriggan rider
   539 | D        | Found the +4 robe of Augmentation {Str+4 Int+4 Dex+4}
   540 | D        | Killed a spriggan druid
   540 | D        | Reached XP level 11. HP: 75/75 MP: 26/26
   541 | D        | Killed a spriggan rider
   541 | D        | Reached skill level 10 in Spellcasting
   542 | D        | Killed a spriggan rider
   543 | D        | Killed a spriggan druid
   543 | D        | Reached skill level 16 in Fire Magic
   559 | D        | Found a transporter.
   580 | D        | Learned a level 3 spell: Regeneration
   616 | D        | Entered arena 11.
   616 | D        | Noticed a shining eye
   616 | D        | Noticed a shining eye
   620 | D        | Killed a shining eye
   620 | D        | Reached skill level 15 in Shields
   620 | D        | Reached skill level 1 in Charms
   620 | D        | Reached skill level 1 in Necromancy
   620 | D        | Killed a shining eye
   629 | D        | HP: 1/115 [something (9)]
   630 | D        | Succumbed to a ghost moth's poison

Skill      XL: |  1  2  3  4  5  6  7  8  9 10 11 |
---------------+----------------------------------+-----
Fighting       | 4 5 7 |  7.9
Shields        | 6 9 10 11 13 15 | 15.2
Dodging        | 6 8 9 10 | 10.0
Spellcasting   | 6 8 9 10 | 10.4
Conjurations   | 7 9 10 12 13 | 13.0
Fire Magic     | 10 13 14 15 16 | 16.2
Evocations     | 5 6 |  6.0
Transmutations | 3 6 7 |  7.2
Earth Magic    | 3 7 8 |  8.5
Charms         | 1 |  1.7
Necromancy     | 1 |  1.7
Stealth        | |  1.5

Action                   |  1- 3 |  4- 6 |  7- 9 | 10-12 || total
-------------------------+-------+-------+-------+-------++-------
Melee: Lance             |     4 |       |    33 |    43 ||    80
 Cast: Fireball          |       |       |     6 |    11 ||    17
 Abil: Evoke Berserk Rag |       |       |       |     1 ||     1
Evoke: Wand              |     2 |       |       |     7 ||     9
       Phial of floods   |       |       |       |     1 ||     1
  Use: Potion            |     5 |       |     4 |     5 ||    14
       Scroll            |       |       |       |     1 ||     1
 Stab: Invisible         |       |       |     1 |       ||     1
  Eat: Ration            |       |       |       |     1 ||     1
Armor: Skin              |       |       |       |     6 ||     6
Dodge: Dodged            |       |       |     1 |    15 ||    16
Block: Medium shield     |       |       |    19 |    74 ||    93
